| TOP OF THE 1ST |
|
Billings Mustangs batting - Pitching for Philadelphia (APP) Phillies : LHP Phuck II
|
|
Pitching: LHP Phuck II
|
|
|
Batting: RHB Cyd Carver
|
0-0: Ball 1-0: Ball 2-0: Ball 3-0: Called Strike 3-1: Called Strike 3-2: Strikes out swinging
|
|
Batting: RHB Hector Maldonado
|
0-0: Called Strike 0-1: Ball 1-1: Ball 2-1: Foul Ball, location: 2F 2-2: Foul Ball, location: 2F 2-2: Ball 3-2: Base on Balls
|
|
Batting: RHB David Clough
|
0-0: Grounds into double play, 6-4-3 (Groundball, 6, EV 80.6 MPH)
|
| Top of the 1st over - 0 runs, 0 hits, 0 errors, 0 left on base; Billings 0 - Philadelphia (APP) 0 |
| BOTTOM OF THE 1ST |
|
Philadelphia (APP) Phillies batting - Pitching for Billings Mustangs : RHP Taneo Kobayashi
|
|
Pitching: RHP Taneo Kobayashi
|
|
|
Batting: LHB Matt Urbanek
|
0-0: Bunt for hit to 5S - play at first, batter OUT! 5-3
|
|
Batting: RHB Seung-mun Kim
|
0-0: Swinging Strike 0-1: Ball 1-1: Ball 2-1: TRIPLE (Flyball, 7LD, EV 101.9 MPH)
|
|
Batting: RHB Kyle Reilly
|
0-0: Swinging Strike 0-1: Ball 1-1: Swinging Strike 1-2: Strikes out swinging
|
|
Batting: LHB Eric Farren
|
0-0: Ball 1-0: DOUBLE (Groundball, 3L, EV 98.1 MPH) Seung-mun Kim scores
|
|
Batting: RHB Eduardo Calderon
|
0-0: Ground out U3 (Groundball, 34S, EV 73.8 MPH)
|
| Bottom of the 1st over - 1 run, 2 hits, 0 errors, 1 left on base; Billings 0 - Philadelphia (APP) 1 |
| TOP OF THE 2ND |
|
Billings Mustangs batting - Pitching for Philadelphia (APP) Phillies : LHP Phuck II
|
|
Batting: RHB Jonathan Robies
|
0-0: Called Strike 0-1: Ball 1-1: Ball 2-1: Ball 3-1: Base on Balls
|
|
Batting: LHB Matthew Berry
|
0-0: Ball 1-0: SINGLE (Groundball, 4MD, EV 95.6 MPH) Jonathan Robies to second Runner from 2nd tries for 3rd, SAFE, throw by CF made to third
|
|
Batting: RHB Jay Jacobson
|
0-0: Fielders Choice at 2nd, 5-4 (Groundball, 5, EV 76.9 MPH) Jonathan Robies scores
|
|
Batting: RHB Jon Monteith
|
0-0: Ball Wild Pitch! Jay Jacobson to second 1-0: Ball 2-0: Called Strike 2-1: Foul Ball, location: 2F 2-2: Fly out, F9 (Flyball, 9LM, EV 91.3 MPH) Runner from 2nd tags up, SAFE at 3rd with throw by RF
|
|
Batting: RHB Yutaka Sato
|
0-0: Ball 1-0: Fly out, F7 (Flyball, 78M, EV 77.5 MPH)
|
| Top of the 2nd over - 1 run, 1 hit, 0 errors, 1 left on base; Billings 1 - Philadelphia (APP) 1 |
| BOTTOM OF THE 2ND |
|
Philadelphia (APP) Phillies batting - Pitching for Billings Mustangs : RHP Taneo Kobayashi
|
|
Batting: RHB Carlos Morejon
|
0-0: SINGLE (Groundball, 6D, EV 100.0 MPH)
|
|
Batting: RHB Mark Schultz
|
0-0: Called Strike 0-1: Foul Ball, location: 2F 0-2: Ball 1-2: Ball 2-2: Foul Ball, location: 2F 2-2: Ball 3-2: Base on Balls Carlos Morejon to second
|
|
Batting: RHB Vaclav Been
|
0-0: Ball 1-0: Called Strike 1-1: Ball Wild Pitch! Carlos Morejon to third Mark Schultz to second 2-1: Ball 3-1: Base on Balls
|
|
Batting: RHB Gary Sampson
|
0-0: Called Strike 0-1: Ball 1-1: Ball 2-1: Swinging Strike 2-2: Ball 3-2: Fly out, F8 (Flyball, 8LM, EV 94.4 MPH)
|
|
Batting: LHB Matt Urbanek
|
0-0: Fielders Choice at 2nd, 6-4 (Groundball, 6, EV 90.0 MPH) Carlos Morejon scores Mark Schultz to third
|
|
Batting: RHB Seung-mun Kim
|
0-0: Called Strike 0-1: Ball 1-1: Swinging Strike 1-2: Strikes out swinging passed ball, reaches first! Mark Schultz scores Matt Urbanek to second
|
|
Batting: RHB Kyle Reilly
|
0-0: Swinging Strike 0-1: SINGLE (Groundball, 56D, EV 97.5 MPH) Matt Urbanek to third Seung-mun Kim to second Runner from 3rd tries for Home, SAFE, throw by LF to home
|
|
Batting: LHB Eric Farren
|
0-0: Foul Ball, location: 2F 0-1: Swinging Strike 0-2: Strikes out looking
|
| Bottom of the 2nd over - 3 runs, 2 hits, 0 errors, 2 left on base; Billings 1 - Philadelphia (APP) 4 |
| TOP OF THE 3RD |
|
Billings Mustangs batting - Pitching for Philadelphia (APP) Phillies : LHP Phuck II
|
|
Batting: LHB Jon Goddard
|
0-0: Ball 1-0: Ball 2-0: Called Strike 2-1: Fly out, F9 (Flyball, 9S, EV 95.6 MPH)
|
|
Batting: RHB Cyd Carver
|
0-0: Swinging Strike 0-1: Ball 1-1: Foul Ball, location: 2F 1-2: Ball 2-2: Ball 3-2: Foul Ball, location: 2F 3-2: Base on Balls
|
|
Batting: RHB Hector Maldonado
|
0-0: Ball Cyd Carver steals 2nd base (no throw) 1-0: Swinging Strike 1-1: Swinging Strike 1-2: Strikes out swinging
|
|
Batting: RHB David Clough
|
0-0: Ball 1-0: DOUBLE (Groundball, 5L, EV 93.8 MPH) Cyd Carver scores
|
|
Batting: RHB Jonathan Robies
|
0-0: Ball 1-0: Foul Ball, location: 2F 1-1: Swinging Strike 1-2: Ball 2-2: Strikes out swinging
|
| Top of the 3rd over - 1 run, 1 hit, 0 errors, 1 left on base; Billings 2 - Philadelphia (APP) 4 |
| BOTTOM OF THE 3RD |
|
Philadelphia (APP) Phillies batting - Pitching for Billings Mustangs : RHP Taneo Kobayashi
|
|
Batting: RHB Eduardo Calderon
|
0-0: Swinging Strike 0-1: Ball 1-1: Ball 2-1: Swinging Strike 2-2: Ball 3-2: Base on Balls
|
|
Batting: RHB Carlos Morejon
|
0-0: Ball Wild Pitch! Eduardo Calderon to second 1-0: Called Strike 1-1: Ground out 4-3 (Groundball, 4, EV 84.4 MPH) Eduardo Calderon to third
|
|
Batting: RHB Mark Schultz
|
0-0: Ball 1-0: SINGLE (Line Drive, 9S, EV 94.4 MPH) Eduardo Calderon scores
|
|
Batting: RHB Vaclav Been
|
0-0: Ball 1-0: Foul Ball, location: 2F 1-1: Ball Mark Schultz steals 2nd base 2-1: Foul Ball, location: 2F 2-2: SINGLE (Groundball, 56D, EV 98.8 MPH) Mark Schultz to third Runner from 3rd tries for Home, throw by LF and OUT! 7-2
|
|
Pitching: LHP Paul Fuller
|
|
|
Batting: RHB Gary Sampson
|
0-0: Foul Ball, location: 2F 0-1: Foul Ball, location: 2F 0-2: Foul Ball, location: 2F 0-2: Ball 1-2: Foul Ball, location: 2F 1-2: Foul Ball, location: 2F 1-2: Foul Ball, location: 2F 1-2: Ball 2-2: Foul Ball, location: 2F 2-2: Hit by Pitch Vaclav Been to second
|
|
Batting: LHB Matt Urbanek
|
0-0: SINGLE (Line Drive, 4M, EV 96.9 MPH) Vaclav Been to third Gary Sampson to second Runner from 3rd tries for Home, throw by CF and OUT! 8-2
|
| Bottom of the 3rd over - 1 run, 3 hits, 0 errors, 2 left on base; Billings 2 - Philadelphia (APP) 5 |
| TOP OF THE 4TH |
|
Billings Mustangs batting - Pitching for Philadelphia (APP) Phillies : LHP Phuck II
|
|
Batting: LHB Matthew Berry
|
0-0: Ball 1-0: Ball 2-0: Foul Ball, location: 2F 2-1: Swinging Strike 2-2: Ball 3-2: Strikes out swinging
|
|
Batting: RHB Jay Jacobson
|
0-0: Called Strike 0-1: Ball 1-1: Ball 2-1: Called Strike 2-2: Ball 3-2: Ground out 5-3 (Groundball, 56S, EV 64.4 MPH)
|
|
Batting: RHB Jon Monteith
|
0-0: Foul Ball, location: 2F 0-1: Ball 1-1: Called Strike 1-2: Strikes out swinging
|
| Top of the 4th over - 0 runs, 0 hits, 0 errors, 0 left on base; Billings 2 - Philadelphia (APP) 5 |
| BOTTOM OF THE 4TH |
|
Philadelphia (APP) Phillies batting - Pitching for Billings Mustangs : LHP Paul Fuller
|
|
Batting: RHB Seung-mun Kim
|
0-0: Foul Ball, location: 2F 0-1: Ball 1-1: Called Strike 1-2: Ball 2-2: Strikes out swinging
|
|
Batting: RHB Kyle Reilly
|
0-0: Ball 1-0: Ball 2-0: Called Strike 2-1: Foul Ball, location: 2F 2-2: Strikes out swinging
|
|
Pitching: RHP George Sanchez
|
|
|
Batting: LHB Eric Farren
|
0-0: Ball 1-0: Ball 2-0: Fly out, F6 (Popup, 6S, EV 76.9 MPH)
|
| Bottom of the 4th over - 0 runs, 0 hits, 0 errors, 0 left on base; Billings 2 - Philadelphia (APP) 5 |
| TOP OF THE 5TH |
|
Billings Mustangs batting - Pitching for Philadelphia (APP) Phillies : LHP Phuck II
|
|
Batting: RHB Yutaka Sato
|
0-0: Foul Ball, location: 2F 0-1: Called Strike 0-2: Ball 1-2: Strikes out swinging
|
|
Batting: LHB Jon Goddard
|
0-0: Fly out, F9 (Flyball, 9S, EV 85.6 MPH)
|
|
Batting: RHB Cyd Carver
|
0-0: Swinging Strike 0-1: Called Strike 0-2: Ground out 5-3 (Groundball, 5, EV 100.0 MPH)
|
| Top of the 5th over - 0 runs, 0 hits, 0 errors, 0 left on base; Billings 2 - Philadelphia (APP) 5 |
| BOTTOM OF THE 5TH |
|
Philadelphia (APP) Phillies batting - Pitching for Billings Mustangs : RHP George Sanchez
|
|
Batting: RHB Eduardo Calderon
|
0-0: Ball 1-0: Ball 2-0: Foul Ball, location: 2F 2-1: Ball 3-1: Foul Ball, location: 2F 3-2: Ground out U3 (Groundball, 34S, EV 86.3 MPH)
|
|
Batting: RHB Carlos Morejon
|
0-0: Ball 1-0: Ball 2-0: Ball 3-0: Base on Balls
|
|
Batting: RHB Mark Schultz
|
0-0: Foul Ball, location: 2F 0-1: Ball 1-1: Ball 2-1: SINGLE (Groundball, 6S, EV 65.0 MPH) (infield hit) Carlos Morejon to second
|
|
Batting: RHB Vaclav Been
|
0-0: Ball 1-0: Grounds into double play, 6-4-3 (Groundball, 6, EV 100.0 MPH)
|
| Bottom of the 5th over - 0 runs, 1 hit, 0 errors, 1 left on base; Billings 2 - Philadelphia (APP) 5 |
| TOP OF THE 6TH |
|
Billings Mustangs batting - Pitching for Philadelphia (APP) Phillies : LHP Phuck II
|
|
Batting: RHB Hector Maldonado
|
0-0: Ball 1-0: Foul Ball, location: 2F 1-1: Swinging Strike 1-2: Foul Ball, location: 2F 1-2: Ball 2-2: Ball 3-2: TRIPLE (Flyball, 78XD, EV 107.5 MPH)
|
|
Batting: RHB David Clough
|
0-0: Swinging Strike 0-1: Ball 1-1: Foul Ball, location: 2F 1-2: Strikes out swinging
|
|
Batting: RHB Jonathan Robies
|
0-0: Ball 1-0: Foul Ball, location: 2F 1-1: SINGLE (Flyball, 3D, EV 100.6 MPH) Hector Maldonado scores
|
|
Batting: LHB Matthew Berry
|
0-0: Called Strike 0-1: Ball 1-1: Ball 2-1: Called Strike 2-2: Fly out, F8 (Flyball, 8LS, EV 92.5 MPH)
|
|
Batting: RHB Jay Jacobson
|
0-0: Ball 1-0: Called Strike 1-1: Called Strike 1-2: Strikes out swinging
|
| Top of the 6th over - 1 run, 2 hits, 0 errors, 1 left on base; Billings 3 - Philadelphia (APP) 5 |
| BOTTOM OF THE 6TH |
|
Philadelphia (APP) Phillies batting - Pitching for Billings Mustangs : RHP George Sanchez
|
|
Batting: RHB Gary Sampson
|
0-0: Called Strike 0-1: Swinging Strike 0-2: Ball 1-2: Ball 2-2: Ball 3-2: Strikes out swinging
|
|
Batting: LHB Matt Urbanek
|
0-0: Called Strike 0-1: Ball 1-1: Swinging Strike 1-2: Ball 2-2: Ball 3-2: Base on Balls
|
|
Pitching: RHP Jaime Kijowski
|
|
|
Batting: RHB Seung-mun Kim
|
0-0: Ball 1-0: Called Strike 1-1: Called Strike 1-2: Foul Ball, location: 2F 1-2: Strikes out swinging
|
|
Batting: RHB Kyle Reilly
|
0-0: Ball 1-0: Swinging Strike 1-1: Foul Ball, location: 2F 1-2: Strikes out swinging
|
| Bottom of the 6th over - 0 runs, 0 hits, 0 errors, 1 left on base; Billings 3 - Philadelphia (APP) 5 |
| TOP OF THE 7TH |
|
Billings Mustangs batting - Pitching for Philadelphia (APP) Phillies : LHP Phuck II
|
|
Batting: RHB Jon Monteith
|
0-0: Fly out, F3 (Line Drive, 3, EV 71.9 MPH)
|
|
Batting: RHB Yutaka Sato
|
0-0: Called Strike 0-1: Foul Ball, location: 2F 0-2: Ball 1-2: Strikes out swinging
|
|
Batting: LHB Jon Goddard
|
0-0: Called Strike 0-1: Ball 1-1: Called Strike 1-2: Ball 2-2: Ground out 5-3 (Groundball, 5, EV 89.4 MPH)
|
| Top of the 7th over - 0 runs, 0 hits, 0 errors, 0 left on base; Billings 3 - Philadelphia (APP) 5 |
| BOTTOM OF THE 7TH |
|
Philadelphia (APP) Phillies batting - Pitching for Billings Mustangs : RHP Jaime Kijowski
|
|
Batting: LHB Eric Farren
|
0-0: Ball 1-0: SINGLE (Flyball, 89S, EV 97.5 MPH)
|
|
Batting: RHB Eduardo Calderon
|
0-0: Ball 1-0: Ball Eric Farren steals 2nd base 2-0: Foul Ball, location: 2F 2-1: SINGLE (Line Drive, 3L, EV 103.1 MPH) Eric Farren to third
|
|
Batting: RHB Carlos Morejon
|
0-0: Ball 1-0: SINGLE (Line Drive, 78S, EV 108.1 MPH) Eric Farren scores Eduardo Calderon to second
|
|
Batting: RHB Mark Schultz
|
0-0: Fly out, F8 (Flyball, 89S, EV 88.1 MPH)
|
|
Pitching: RHP Vladislav Prochazka
|
|
|
Batting: RHB Vaclav Been
|
0-0: Called Strike 0-1: Ball Wild Pitch! Eduardo Calderon to third Carlos Morejon to second 1-1: Called Strike 1-2: Strikes out swinging
|
|
Batting: RHB Gary Sampson
|
0-0: Ball 1-0: Foul Ball, location: 2F 1-1: Ball 2-1: Foul Ball, location: 2F 2-2: Ball 3-2: Foul Ball, location: 2F 3-2: Strikes out swinging
|
| Bottom of the 7th over - 1 run, 3 hits, 0 errors, 2 left on base; Billings 3 - Philadelphia (APP) 6 |
| TOP OF THE 8TH |
|
Billings Mustangs batting - Pitching for Philadelphia (APP) Phillies : LHP Phuck II
|
|
Batting: RHB Cyd Carver
|
0-0: Ball 1-0: Ball 2-0: Ball 3-0: Called Strike 3-1: Fly out, F9 (Flyball, 89S, EV 80.6 MPH)
|
|
Batting: RHB Hector Maldonado
|
0-0: Ball 1-0: Ball 2-0: Ball 3-0: Base on Balls
|
|
Pitching: RHP Lucas McPhillie
|
|
|
Batting: RHB David Clough
|
0-0: Swinging Strike 0-1: Ball 1-1: Ball 2-1: 2-RUN HOME RUN (Flyball, 78XD, EV 103.8 MPH), Distance : 408 ft
|
|
Batting: RHB Jonathan Robies
|
0-0: Swinging Strike 0-1: Foul Ball, location: 2F 0-2: Ball 1-2: Foul Ball, location: 2F 1-2: Ball 2-2: Foul Ball, location: 2F 2-2: Ball 3-2: Foul Ball, location: 2F 3-2: Strikes out swinging
|
|
Batting: LHB Matthew Berry
|
0-0: Ball 1-0: Ball 2-0: Called Strike 2-1: Called Strike 2-2: Ball 3-2: Reached on error, E7 (Flyball, 7, EV 89.4 MPH)
|
|
Batting: RHB Jay Jacobson
|
0-0: Ball 1-0: Ball 2-0: Called Strike 2-1: Ball 3-1: Base on Balls
|
|
Batting: RHB Jon Monteith
|
0-0: Fielders Choice at 2nd, 5-4 (Groundball, 56, EV 95.6 MPH)
|
| Top of the 8th over - 2 runs, 1 hit, 1 error, 2 left on base; Billings 5 - Philadelphia (APP) 6 |
| BOTTOM OF THE 8TH |
|
Philadelphia (APP) Phillies batting - Pitching for Billings Mustangs : RHP Vladislav Prochazka
|
|
Batting: LHB Matt Urbanek
|
0-0: Called Strike 0-1: Ball 1-1: Foul Ball, location: 2F 1-2: Ball 2-2: SINGLE (Groundball, 25, EV 66.9 MPH) (infield hit)
|
|
Batting: RHB Seung-mun Kim
|
0-0: Ball Matt Urbanek steals 2nd base 1-0: Called Strike 1-1: Ball 2-1: DOUBLE (Line Drive, 7LS, EV 92.5 MPH) Matt Urbanek scores
|
|
Batting: RHB Kyle Reilly
|
0-0: Called Strike 0-1: Swinging Strike 0-2: Foul Ball, location: 2F 0-2: TRIPLE (Line Drive, 78XD, EV 99.4 MPH) Seung-mun Kim scores
|
|
Batting: LHB Eric Farren
|
0-0: Intentional Walk
|
|
Batting: RHB Eduardo Calderon
|
0-0: Ball 1-0: Swinging Strike 1-1: Foul Ball, location: 2F 1-2: Strikes out looking
|
|
Batting: RHB Carlos Morejon
|
0-0: Ball 1-0: Called Strike Eric Farren steals 2nd base 1-1: Foul Ball, location: 2F 1-2: SINGLE (Groundball, 56D, EV 104.4 MPH) Kyle Reilly scores Eric Farren to third
|
|
Batting: RHB Mark Schultz
|
0-0: Foul Ball, location: 2F 0-1: Ball 1-1: Ground out 4-3 (Groundball, 4MS, EV 71.9 MPH) Eric Farren scores Carlos Morejon to second
|
|
Batting: RHB Vaclav Been
|
0-0: Ball 1-0: Foul Ball, location: 2F 1-1: Fly out, F8 (Flyball, 8RXD, EV 103.1 MPH)
|
| Bottom of the 8th over - 4 runs, 4 hits, 0 errors, 1 left on base; Billings 5 - Philadelphia (APP) 10 |
| TOP OF THE 9TH |
|
Billings Mustangs batting - Pitching for Philadelphia (APP) Phillies : RHP Lucas McPhillie
|
|
Pinch Hitting: LHB David Moore
|
0-0: Ball 1-0: Ball 2-0: Foul Ball, location: 2F 2-1: Swinging Strike 2-2: Foul Ball, location: 2F 2-2: Ball 3-2: Foul Ball, location: 2F 3-2: Foul Ball, location: 2F 3-2: Strikes out swinging
|
|
Batting: LHB Jon Goddard
|
0-0: Ball 1-0: Called Strike 1-1: Foul Ball, location: 2F 1-2: Strikes out swinging
|
|
Pitching: LHP Ignacio Amaya
|
|
|
Batting: RHB Cyd Carver
|
0-0: Swinging Strike 0-1: Ball 1-1: Called Strike 1-2: Hit by Pitch
|
|
Batting: RHB Hector Maldonado
|
0-0: Called Strike 0-1: Foul Ball, location: 2F 0-2: Foul Ball, location: 2F 0-2: Foul Ball, location: 2F 0-2: Ball 1-2: Reached on error, E5 (Groundball, 56, EV 88.8 MPH) Cyd Carver to second
|
|
Batting: RHB David Clough
|
0-0: Ball 1-0: Ball 2-0: Ball 3-0: Called Strike 3-1: Base on Balls Cyd Carver to third Hector Maldonado to second
|
|
Batting: RHB Jonathan Robies
|
0-0: Called Strike 0-1: SINGLE (Groundball, 56D, EV 100.0 MPH) Cyd Carver scores Hector Maldonado to third David Clough to second
|
|
Batting: LHB Matthew Berry
|
0-0: Fly out, F8 (Flyball, 8LD, EV 93.8 MPH)
|
| Top of the 9th over - 1 run, 1 hit, 1 error, 3 left on base; Billings 6 - Philadelphia (APP) 10 |
|